 Dungeon Crawl Stone Soup version 0.24-a0-447-ge8da920 (webtiles) character file.

Game seed: 18411830638724237516

216 CamaradaPosadas the Firebug (level 5, 0/31 HPs)
             Began as an Octopode Fire Elementalist on June 26, 2019.
             Slain by a hobgoblin
             ... wielding a +0 club
              (4 damage)
             ... on level 3 of the Dungeon.
             The game lasted 00:05:51 (3425 turns).

CamaradaPosadas the Firebug (OpFE)                  Turns: 3425, Time: 00:05:52

Health: 0/31       AC:  1    Str:  7    XL:     5   Next: 93%
Magic:  1/9        EV: 13    Int: 18    God:
Gold:   65         SH:  4    Dex: 13    Spells: 1/9 levels left

rFire    . . .     SeeInvis .   i - +0 spear
rCold    . . .     Gourm    .   a - +0 buckler
rNeg     . . .     Faith    .   (helmet restricted)
rPois    .         Spirit   .   (no amulet)
rElec    .         Reflect  .   (no ring)
rCorr    .         Harm     .   (no ring)
MR       .....                  (no ring)
Stlth    +++.......             (no ring)
HPRegen  0.10/turn              (no ring)
MPRegen  0.11/turn              (no ring)
                                (no ring)
                                (no ring)

@: no status effects
A: almost no armour, stealthy swim, amphibious, 8 rings, constrict 8, camouflage
1, gelatinous body 1
a: no special abilities


You were on level 3 of the Dungeon.
You were hungry.

You visited 1 branch of the dungeon, and saw 4 of its levels.

You collected 65 gold pieces.

Inventory:

Hand Weapons
 e - a +0 dagger
 i - a +0 spear (weapon)
Armour
 a - a +0 buckler (worn)
Scrolls
 c - 2 scrolls of remove curse {unknown}
 f - a scroll of blinking {unknown}
 j - 2 scrolls of identify {unknown}
 k - a scroll of teleportation {unknown}
Potions
 d - 4 potions of heal wounds {unknown}
 g - a potion of lignification {unknown}
 h - a potion of agility {unknown}
Comestibles
 b - 6 rations


   Skills:
 - Level 2.0 Dodging
 - Level 2.6 Stealth
 + Level 1.9 Shields
 + Level 2.7 Spellcasting
 * Level 3.3 Conjurations
 * Level 4.4 Fire Magic


You had one spell level left.
You knew the following spells:

 Your Spells              Type           Power        Failure   Level  Hunger
a - Flame Tongue          Conj/Fire      ###..        4%          1    #......
b - Conjure Flame         Conj/Fire      ###.....     13%         3    ###....
c - Sticky Flame          Conj/Fire      ###.....     41%         4    #####..

Your spell library contained the following spells:

 Spells                   Type           Power        Failure   Level  Hunger
 Throw Flame              Conj/Fire      ###...       7%          2    ##.....
 Inner Flame              Hex/Fire       ##......     26%         3    ###....
 Fireball                 Conj/Fire      ###.......   77%         5    ######.


Dungeon Overview and Level Annotations

Branches:
Dungeon (4/15)
 Temple: D:4-7

Altars:
Hepliaklqana
Okawaru

Annotations:
D:2 Terence


Innate Abilities, Weirdness & Mutations

You cannot wear most types of armour.
You are very stealthy in the water. (Stealth+)
You are amphibious.
You can wear up to eight rings at the same time.
You can use your tentacles to constrict eight enemies at once.
Your skin changes colour to match your surroundings (Stealth+).
Your rubbery body absorbs attacks. (AC +1, EV +1)


Message History

The hobgoblin is moderately wounded.
The hobgoblin closely misses you.
Casting: Flame Tongue (safe; 4% risk of failure)
Confirm with . or Enter, or press ? or * to list all spells.
Aiming: Flame Tongue (safe; 4% risk of failure)
Press: ? - help, Shift-Dir - straight line, f/p - hobgoblin
Aim: a hobgoblin, wielding a +0 club (moderately wounded)
The flame tongue misses the hobgoblin.
The hobgoblin hits you with a +0 club.
* * * LOW HITPOINT WARNING * * *
Unknown command.
Casting: Flame Tongue (safe; 4% risk of failure)
Confirm with . or Enter, or press ? or * to list all spells.
Aiming: Flame Tongue (safe; 4% risk of failure)
Press: ? - help, Shift-Dir - straight line, f/p - hobgoblin
Aim: a hobgoblin, wielding a +0 club (moderately wounded)
The flame tongue hits the hobgoblin.
The hobgoblin is severely wounded.
You are feeling hungry.
The hobgoblin hits you with a +0 club.
You die...

...# ####.## ...#
##.....## ...##
##.......## ##.†######
#.........##
###......###..........#
# ######.)............#
############..........#
.................)....#
..##########....@g....#
.)# #..........# ..#
#............ ###
#.........#.# #########
#.....>.### # #.......#
##.....## #.......#
##....# ........#
####.# .)......#


You could see a hobgoblin.

Vanquished Creatures
  2 orc priests
  3 gnolls
  5 adders
  A worm (D:3)
  2 dart slugs
  8 orcs
  6 giant cockroaches
  5 goblins
  10 hobgoblins
  A quokka (D:4)
  A ball python (D:3)
  8 bats
  3 frilled lizards (D:1)
  6 kobolds
  8 rats
69 creatures vanquished.

Notes
Turn   | Place    | Note
-------+----------+-------------------------------------------
     0 | D:1      | CamaradaPosadas the Octopode Fire Elementalist began the
                  | quest for the Orb.
     0 | D:1      | Reached XP level 1. HP: 11/11 MP: 3/3
   420 | D:1      | Reached XP level 2. HP: 17/17 MP: 0/5
   995 | D:1      | Reached XP level 3. HP: 21/21 MP: 4/6
  1131 | D:2      | Noticed Terence
  1245 | D:1      | Learned a level 3 spell: Conjure Flame
  1252 | D:1      | Reached skill level 1 in Shields
  1451 | D:2      | Reached XP level 4. HP: 17/27 MP: 1/7
  2513 | D:2      | Found an iron altar of Okawaru.
  2525 | D:2      | Found a hazy altar of Hepliaklqana.
  2850 | D:3      | Reached skill level 4 in Fire Magic
  2850 | D:3      | Reached XP level 5. HP: 27/31 MP: 3/8
  3350 | D:3      | Learned a level 4 spell: Sticky Flame
  3425 | D:3      | Slain by a hobgoblin

Levels and vault maps discovered:
D:1:      moated_graveyard_arrival, layout_basic, minmay_misc_feat_alley
D:2:      layout_loops_ring, amethyst_overflow_temple_binary, first_ration,
          minmay_misc_feat_square, uniq_terence
D:3:      layout_rooms, kennysheep_flooded_box, hangedman_decor_riveting,
          serial_park_tiny_pond
D:4:      layout_basic, serial_shops, shop, hangedman_decor_lopped, uniq_grinder

Skill      XL: |  1  2  3  4  5 |
---------------+----------------+-----
Conjurations   | 2 3 |  3.3
Shields        | 1 |  1.9
Fire Magic     | 4 |  4.4
Dodging        | |  2.0
Stealth        | |  2.6
Spellcasting   | |  2.7

Action                   |  1- 3 |  4- 6 || total
-------------------------+-------+-------++-------
Melee: Unarmed           |    13 |       ||    13
       Constrict         |    11 |     8 ||    19
       Dagger            |    24 |     7 ||    31
       Tentacles         |     3 |     3 ||     6
       Spear             |       |    33 ||    33
 Cast: Flame Tongue      |    35 |    70 ||   105
 Stab: Sleeping          |     5 |     2 ||     7
  Eat: Chunk             |     2 |     6 ||     8
Armor: Skin              |     6 |     1 ||     7
Dodge: Dodged            |    35 |    48 ||    83
Block: Buckler           |       |    14 ||    14

Table legend:
 A = Non-vault XP
 B = Vault XP
 C = Vault XP percentage of total XP
 D = Non-vault monster count
 E = Vault monster count
 F = Vault count percentage of total count
                 A         B        C        D         E       F
            +---------+---------+-------+---------+---------+-------
      Total |     309 |       0 |   0.0 |      69 |       0 |   0.0
            +---------+---------+-------+---------+---------+-------
        D:1 |      64 |       0 |   0.0 |      24 |       0 |   0.0
        D:2 |      70 |       0 |   0.0 |      19 |       0 |   0.0
        D:3 |     123 |       0 |   0.0 |      21 |       0 |   0.0
        D:4 |      52 |       0 |   0.0 |       5 |       0 |   0.0
            +---------+---------+-------+---------+---------+-------
